 Dungeon Crawl Stone Soup version 0.27-a0-1434-g6f15984 (webtiles) character file.

Game seed: 3116455234688632628

2615 Meow the Frost Mage (level 9, 29/78 HPs)
             Began as a Ghoul Ice Elementalist on July 3, 2021.
             Was an Initiate of Gozag.
             Quit the game on level 8 of the Dungeon.
             The game lasted 00:35:54 (7771 turns).

Meow the Frost Mage (Ghoul Ice Elementalist)        Turns: 7771, Time: 00:35:55

Health: 29/78      AC: 13    Str: 12    XL:     9   Next: 60%
Magic:  6/17       EV: 12    Int: 13    God:    Gozag
Gold:   430        SH:  0    Dex:  9    Spells: 9/20 levels left

rFire    . . .     SeeInvis .   (no weapon)
rCold    + . .     Faith    .   (no shield)
rNeg     + + +     Spirit   .   v - +2 robe
rPois    ∞         Reflect  .   u - +2 helmet
rElec    .         Harm     .   (no cloak)
rCorr    .         Rampage  .   (no gloves)
Will     .....                  (no boots)
Stlth    ++........             (no amulet)
HPRegen  0.00/turn              (no ring)
MPRegen  0.15/turn              (no ring)

@: ice-armoured
A: claws 1, cold resistance 1, negative energy resistance 3, inhibited
regeneration, torment resistance 2
a: Renounce Religion, Potion Petition, Call Merchant, Bribe Branch


You were on level 8 of the Dungeon.
You worshipped Gozag.
Gozag was aware of your devotion.
You visited 2 branches of the dungeon, and saw 9 of its levels.
You also visited: Sewer.

You collected 609 gold pieces.
You paid 179 gold pieces to Gozag.

Inventory:

Missiles
 c - 85 bolts
 e - 151 stones (quivered)
 g - 89 arrows
Armour
 a - a +0 robe
 u - a +2 helmet (worn)
 v - a +2 robe (worn)
Jewellery
 s - a ring of ice
Scrolls
 b - 2 scrolls of teleportation
 d - a scroll of torment {unknown}
 f - a scroll of vulnerability {unknown}
 o - a scroll of fog
 q - a scroll of immolation {unknown}
 r - a scroll of enchant weapon {unknown}
 t - 2 scrolls of identify {unknown}
 w - a scroll of noise {unknown}
Potions
 i - 5 potions of flight
 m - a potion of resistance {unknown}
 p - a potion of haste {unknown}


   Skills:
 + Level 6.7 Fighting
 - Level 1.7 Dodging
 - Level 2.1 Stealth
 - Level 6.0 Spellcasting
 + Level 5.1 Conjurations
 - Level 8.0 Ice Magic


You had 9 spell levels left.
You knew the following spells:

 Your Spells              Type           Power      Damage    Failure   Level
a - Freeze                Ice            96%        1d11      1%          1
b - Hailstorm             Conj/Ice       20%        3d6       12%         4
e - Ozocubu's Armour      Ice            24%        N/A       1%          3
f - Frozen Ramparts       Ice            48%        1d6       1%          3

Your spell library contained the following spells:

 Spells                   Type           Power      Damage    Failure   Level
 Slow                     Hex            3%         N/A       26%         2
 Confusing Touch          Hex            3%         N/A       45%         3
 Lesser Beckoning         Tloc           1%         N/A       45%         3
 Summon Guardian Golem    Hex/Summ       3%         N/A       45%         3
 Vampiric Draining        Necr           1%         2d6       45%         3
 Animate Armour           Summ/Erth      6%         N/A       86%         4
 Animate Dead             Necr           1%         N/A       86%         4
 Leda's Liquefaction      Hex/Erth       1%         N/A       86%         4
 Bolt of Magma            Conj/Fire/Erth 4%         4d5       93%         5
 Manifold Assault         Tloc           3%         N/A       99%         5
 Simulacrum               Ice/Necr       7%         N/A       99%         6
 Ozocubu's Refrigeration  Ice            12%        4d7       99%         7
 Iron Shot                Conj/Erth      5%         9d2       100%        6
 Haunt                    Necr/Summ      1%         N/A       100%        7
 Orb of Destruction       Conj           8%         9d4       100%        7
 Spellforged Servitor     Conj/Summ      5%         N/A       100%        7
 Infestation              Necr           1%         N/A       100%        8
 Ice Form                 Ice/Tmut       Unusable   N/A       N/A         4
 Blade Hands              Tmut           Unusable   N/A       N/A         5
 Statue Form              Tmut/Erth      Unusable   N/A       N/A         6
 Storm Form               Tmut/Air       Unusable   N/A       N/A         7

Dungeon Overview and Level Annotations

Branches:
Dungeon (8/15)             Temple (1/1) D:5            Lair (0/6) D:8
  Sewer (visited)

Altars:
Ashenzari
Cheibriados
Elyvilon
Fedhas
Gozag
Hepliaklqana
Kikubaaqudgha
Makhleb
Nemelex Xobeh
Qazlal
Ru
Sif Muna
Trog
Xom
Yredelemnul
Zin

Shops:
D:1 =

Annotations:
D:5 Eustachio
D:7 Joseph


Innate Abilities, Weirdness & Mutations

You thrive by killing the living.
You are immune to poison.
You have sharp fingernails.
Your flesh is cold resistant. (rC+)
You are immune to negative energy. (rN+++)
You do not regenerate when monsters are visible.
You are immune to unholy pain and torment.


Message History

The centaur zombie completely resists.
The wall freezes the centaur zombie but does no damage.
The centaur zombie misses you. x2
You scratch the centaur zombie.
The centaur zombie is heavily damaged.
The centaur zombie completely resists.
The wall freezes the centaur zombie but does no damage.
The centaur zombie misses you. x2
Unknown command.
You scratch the centaur zombie.
The centaur zombie is severely damaged.
The centaur zombie completely resists.
The wall freezes the centaur zombie but does no damage.
The centaur zombie closely misses you. The centaur zombie misses you.
Unknown command.
You scratch the centaur zombie.
The centaur zombie is severely damaged.
The centaur zombie completely resists.
The wall freezes the centaur zombie but does no damage.
The centaur zombie hits you but does no damage.
The centaur zombie kicks you but does no damage.
The centaur zombie completely resists.
The wall freezes the centaur zombie but does no damage.
The centaur zombie hits you but does no damage.
The centaur zombie closely misses you.
You barely miss the centaur zombie.
The centaur zombie is severely damaged.
The centaur zombie resists.
The wall freezes the centaur zombie.
The centaur zombie hits you but does no damage.
The centaur zombie kicks you but does no damage.
Unknown command.
You scratch the centaur zombie but do no damage.
The centaur zombie is severely damaged.
The frozen ramparts melt away.
The centaur zombie misses you. The centaur zombie kicks you.
Unknown command.
You scratch the centaur zombie.
The centaur zombie is severely damaged.
The centaur zombie barely misses you. The centaur zombie closely misses you.
Are you sure you want to abandon this character and quit the game? (Confirm with "yes".)

$ ........♣.....♣...
................#
...............#
...............###
####....P........###
##.....(........#####
#...#.......##))...#
###Z##......######.##
#.@.......# #...
###.......# ####
##......# #......#
#.$....# ..... ####


You could see a centaur zombie.

Vanquished Creatures
  A wyvern (D:8)
  A basilisk (D:8)
  2 water moccasins (D:8)
  2 sky beasts (D:6)
  2 black bears (D:8)
  Purgy (Sewer)
  A wolf (D:8)
  A centaur (D:6)
  Blork the orc (D:5)
  A kobold brigand (D:7)
  4 scorpions
  A bullfrog zombie (D:5)
  A centaur zombie (D:5)
  A hound (D:6)
  3 orc priests
  A centaur skeleton (D:5)
  2 gnoll shamans
  2 jellies (D:6)
  2 orc wizards
  2 iguanas
  A killer bee zombie (D:7)
  9 gnolls
  An adder (D:2)
  3 shadow imps
  A white imp (D:6)
  An ufetubus (D:6)
  3 worms
  A dart slug (D:2)
  10 orcs
  7 endoplasms
  4 giant cockroaches
  4 goblins
  9 hobgoblins
  4 jackals (D:4)
  4 quokkas
  9 ball pythons
  3 bats (D:1)
  4 frilled lizards (Sewer)
  12 kobolds
  9 rats
131 creatures vanquished.

Vanquished Creatures (collateral kills)
  The ghost of caramel the Shield-Bearer, a novice FoAK of Lugonu (D:7)
  A komodo dragon (shapeshifter) (D:7)
  A hornet zombie (D:8)
  2 bullfrogs (D:7)
  A water moccasin skeleton (D:7)
  An iguana (D:7)
7 creatures vanquished.

Vanquished Creatures (others)
  4 fungi (D:8)
  16 plants (D:8)
20 creatures vanquished.

Grand Total: 158 creatures vanquished

Notes
Turn   | Place    | Note
-------+----------+-------------------------------------------
     0 | D:1      | Meow the Ghoul Ice Elementalist began the quest for the
                  | Orb.
     0 | D:1      | Reached XP level 1. HP: 14/14 MP: 2/2
   192 | D:1      | Got the Papyrus of the Big Bang
   198 | D:1      | Found Goppul's Jewellery Boutique.
   429 | D:1      | Reached XP level 2. HP: 20/20 MP: 2/4
  1375 | D:2      | Reached XP level 3. HP: 26/26 MP: 3/5
  1379 | D:2      | Learned a level 3 spell: Frozen Ramparts
  1938 | D:2      | Reached skill level 5 in Ice Magic
  2355 | D:2      | Found a faded altar of an unknown god.
  2664 | D:3      | Reached XP level 4. HP: 31/33 MP: 0/7
  3121 | D:3      | Learned a level 3 spell: Ozocubu's Armour
  3442 | D:4      | Reached XP level 5. HP: 38/38 MP: 1/8
  3446 | D:4      | Reached skill level 6 in Ice Magic
  3543 | D:4      | Found a glowing drain.
  3598 | Sewer    | Entered a sewer
  3662 | Sewer    | Noticed Purgy
  3674 | Sewer    | Killed Purgy
  3675 | Sewer    | Reached XP level 6. HP: 38/45 MP: 0/11
  3975 | D:5      | Entered Level 5 of the Dungeon
  4403 | D:5      | Reached skill level 7 in Ice Magic
  4403 | D:5      | Reached XP level 7. HP: 50/50 MP: 4/12
  4521 | D:5      | Found a sparkling altar of Nemelex Xobeh.
  4555 | D:5      | Noticed Eustachio
  5486 | D:6      | Reached skill level 5 in Spellcasting
  5596 | D:6      | Found a shimmering blue altar of Sif Muna.
  5611 | D:6      | Reached skill level 8 in Ice Magic
  5846 | D:6      | Reached XP level 8. HP: 57/57 MP: 9/15
  6268 | D:5      | Noticed Blork the orc
  6274 | D:5      | Killed Blork the orc
  6275 | D:5      | Reached skill level 1 in Fighting
  6275 | D:5      | Reached skill level 1 in Conjurations
  6347 | D:5      | Found a staircase to the Ecumenical Temple.
  6378 | Temple   | Entered the Ecumenical Temple
  6646 | D:7      | Found a runed translucent gate.
  6646 | D:7      | Found a runed translucent gate.
  6646 | D:7      | Found an opulent altar of Gozag.
  6646 | D:7      | Found a runed translucent gate.
  6647 | D:7      | Noticed a komodo dragon
  6648 | D:7      | Noticed caramel's ghost (novice FoAK)
  6681 | D:7      | Killed caramel's ghost
  6688 | D:7      | Became a worshipper of Gozag Ym Sagoz the Greedy
  6696 | D:7      | Killed a komodo dragon
  6798 | D:7      | Noticed Joseph
  6818 | D:6      | Reached XP level 9. HP: 63/72 MP: 2/17
  7030 | D:7      | Learned a level 4 spell: Hailstorm
  7124 | D:8      | Reached skill level 5 in Fighting
  7724 | D:8      | Found a staircase to the Lair.
  7759 | D:8      | Reached skill level 5 in Conjurations
  7771 | D:8      | Quit the game

Illustrated notes

Levels and vault maps discovered:
D:1:      ncdulo_wetmaze, layout_basic, serial_shops, nicolae_shop_trees
D:2:      layout_basic, shapermc_ecumenical_altar_totnotflames
D:3:      layout_loops_ring
D:4:      layout_loops_ring, portal_sewer_entry_a, grunt_decor_arrowhead
D:5:      layout_rooms, amcnicky_altar_gilded,
          minmay_temple_entry_drinking_statues, uniq_eustachio,
          uniq_blork_the_orc
D:6:      layout_rooms, lemuel_doored_altar
D:7:      layout_rooms, ebering_ghost_gozag, uniq_joseph
D:8:      layout_rooms, lemuel_crystal_altar, minmay_lair_entry_grove
Temple:   nicolae_temple_figure_eight

Skill      XL: |  1  2  3  4  5  6  7  8  9 |
---------------+----------------------------+-----
Spellcasting   | 2 3 4 5 6 |  6.0
Ice Magic      | 5 6 7 8 |  8.0
Fighting       | 4 6 |  6.7
Conjurations   | 3 5 |  5.1
Dodging        | |  1.7
Stealth        | |  2.1

Action                   |  1- 3 |  4- 6 |  7- 9 || total
-------------------------+-------+-------+-------++-------
Melee: Unarmed           |     5 |   119 |   188 ||   312
Throw: Stone             |    55 |     2 |     7 ||    64
 Cast: Freeze            |    48 |    14 |    53 ||   115
       Frozen Ramparts   |     5 |    17 |    40 ||    62
       Ozocubu's Armour  |       |     3 |    16 ||    19
Evoke: Wand              |       |       |     6 ||     6
  Use: Scroll            |     1 |     1 |     5 ||     7
       Potion            |       |       |     6 ||     6
 Stab: Distracted        |       |       |     1 ||     1
       Paralysed         |       |       |    21 ||    21
Armor: Robe              |     5 |    39 |   109 ||   153
Dodge: Dodged            |    15 |   103 |   161 ||   279

Table legend: (Time is in decaauts)
 A = Elapsed time spent in this place.
 B = Non-inter-level travel time spent in this place.
 C = Inter-level travel time spent in this place.
 D = Time resting spent in this place.
 E = Time spent auto-exploring this place.
 F = Levels seen in this place.
 G = Mean time per level.
                   A        B        C        D        E       F      G
               +--------+--------+--------+--------+--------+-----+--------+
         Total |   7848 |   7281 |    567 |   2632 |   2726 |  10 |  784.8 |
       Dungeon |   7358 |   6816 |    542 |   2552 |   2430 |   8 |  919.8 |
        Temple |    218 |    193 |     25 |      0 |    192 |   1 |  218.0 |
         Sewer |    270 |    270 |      0 |     80 |    104 |   1 |  270.0 |
               +--------+--------+--------+--------+--------+-----+--------+

Top non-repeatable levels by time:
     D:1: 1594 daAuts
     D:6: 1499 daAuts
     D:2: 998 daAuts
     D:5: 921 daAuts
     D:3: 822 daAuts
     D:8: 674 daAuts
     D:4: 501 daAuts
     D:7: 346 daAuts
   Sewer: 270 daAuts
  Temple: 218 daAuts
